 Dungeon Crawl Stone Soup version 0.28-a0-1374-ga75cb3825e (webtiles) character file.

Game seed: 18305110208023241888

203 sanka the Slasher (level 5, -7/47 HPs)
             Began as a Gnoll Cinder Acolyte on Jan 1, 2022.
             Was a High Priest of Ignis.
             Mangled by Grinder (10 damage)
             ... while paralysed by Grinder
             ... in a sewer.
             The game lasted 00:04:45 (3220 turns).

sanka the Slasher (Gnoll Cinder Acolyte)            Turns: 3220, Time: 00:04:45

Health: -7/47      AC:  2    Str: 13      XL:     5   Next: 81%
Magic:  3/9        EV:  2    Int: 15      God:    Ignis [*****.]
Gold:   125        SH:  0    Dex:  7 (8)  Spells: 8/10 levels left

rFire   + . .      SeeInvis .   a - -1 falchion (flame)
rCold   . . .      Faith    .   (no shield)
rNeg    . . .      Spirit   .   b - +0 robe
rPois   .          Reflect  .   (no helmet)
rElec   .          Harm     .   (no cloak)
rCorr   .          Rampage  .   (no gloves)
Will    .....                   (no boots)
Stlth   +.........              (no amulet)
HPRegen 0.15/turn               (no ring)
MPRegen 0.11/turn               n - +4 ring of evasion

@: paralysed, mighty
A: fangs 1, strong nose, distributed training
a: Renounce Religion, Fiery Armour, Foxfire Swarm, Rising Flame


You were in a sewer.
You worshipped Ignis.
Ignis was extremely pleased with you.
You visited 1 branch of the dungeon, and saw 3 of its levels.
You also visited: Sewer.

You collected 125 gold pieces.


Innate Abilities, Weirdness & Mutations

You have very sharp teeth.
Your uncanny sense of smell can sniff out nearby items.
Your experience applies equally to all skills.


   Skills:
 + Level 6.7 Fighting
 + Level 1.6 Short Blades
 + Level 6.7 Long Blades
 + Level 1.6 Axes
 + Level 1.6 Maces & Flails
 + Level 1.6 Polearms
 + Level 1.6 Staves
 + Level 1.6 Slings
 + Level 1.6 Bows
 + Level 1.6 Crossbows
 + Level 1.6 Throwing
 + Level 1.6 Armour
 + Level 1.6 Dodging
 + Level 1.6 Stealth
 + Level 1.6 Shields
 + Level 1.6 Unarmed Combat
 + Level 3.2 Spellcasting
 + Level 1.3 Conjurations
 + Level 1.3 Hexes
 + Level 1.3 Summonings
 + Level 1.3 Necromancy
 + Level 1.3 Translocations
 + Level 1.3 Transmutations
 + Level 5.6 Fire Magic
 + Level 1.3 Ice Magic
 + Level 1.3 Air Magic
 + Level 1.3 Earth Magic
 + Level 1.3 Poison Magic
 + Level 1.8 Invocations
 + Level 1.6 Evocations


You had 8 spell levels left.
You knew the following spells:

 Your Spells              Type           Power      Damage    Failure   Level
y - Scorch                Fire           38%        2d6       3%          2

Your spell library contained the following spells:

 Spells                   Type           Power      Damage    Failure   Level


Inventory:

Hand Weapons
 a - a -1 falchion of flaming (weapon)
Missiles
 k - a throwing net {=f}
 p - 12 poisoned darts
Armour
 b - a +0 robe (worn)
 e - a +0 pair of boots
Magical Staves
 i - a staff of cold
Jewellery
 n - a +4 ring of evasion (right hand)
Scrolls
 f - 3 scrolls of teleportation {unknown}
 g - 4 scrolls of identify {unknown}
 h - a scroll of fog {unknown}
 l - a scroll of vulnerability {unknown}
Potions
 c - a potion of ambrosia {unknown}
 d - a potion of brilliance {unknown}
 j - a potion of might
 o - a potion of curing {unknown}

Dungeon Overview and Level Annotations

Branches:
Dungeon (3/15)              Sewer (1/1)

Altars:
Qazlal

Annotations:
Sewer Grinder

≈≈≈≈≈≈≈≈≈≈≈≈≈≈≈≈.▒≈≈≈≈≈
▒▒▒▒▒▒▒▒▒▒▒▒▒▒≈≈.▒
▒▒▒▒▒▒▒▒▒▒▒▒▒▒
▒≈≈.▒≈≈≈≈≈≈≈≈≈≈≈≈≈..
▒≈≈.▒≈≈≈≈≈≈≈≈≈≈≈≈≈..
▒≈≈.▒≈≈≈≈≈≈≈≈≈≈≈≈≈≈.
▒≈≈.▒≈≈≈≈≈≈≈≈≈≈≈≈≈≈.
▒≈≈.▒≈≈≈≈≈≈≈≈≈≈≈≈≈..
▒≈≈.▒ ≈≈≈≈≈≈≈≈≈5≈K..
▒≈≈g▒▒▒▒≈▒≈≈▒▒▒≈▒.▒▒
▒≈≈5▒.............≈≈
▒≈..).....)......≈≈≈
▒≈≈.▒.............≈≈
▒▒.▒▒▒▒≈▒▒≈▒▒≈▒▒▒.▒▒
▒≈..≈≈≈≈≈≈≈≈≈≈≈≈≈...
▒≈≈≈≈≈≈≈≈≈≈≈≈≈≈≈≈≈..
▒≈≈≈≈≈≈≈≈≈≈≈≈≈≈≈≈≈≈.
▒≈≈≈≈≈≈≈≈≈≈≈≈≈≈≈≈≈≈.


You could see Grinder.


Message History

* * * LOW HITPOINT WARNING * * *
You can move again.
Grinder barely misses you.
It was a potion of might.
You feel very mighty all of a sudden. Grinder barely misses you.
You closely miss Grinder. Your bite misses Grinder.
Grinder is moderately wounded.
Grinder hits you.
You writhe in agony.
* * * LOW HITPOINT WARNING * * *
You closely miss Grinder.
Grinder is moderately wounded.
Grinder closely misses you.
Unknown command.
You barely miss Grinder.
Grinder is moderately wounded.
Grinder gestures at you.
You suddenly lose the ability to move!
Grinder barely misses you. Grinder hits you.
* * * LOW HITPOINT WARNING * * *
You writhe in agony.
* * * LOW HITPOINT WARNING * * *
Grinder gestures at you. Pain shoots through your body!
* * * LOW HITPOINT WARNING * * *
Grinder hits you!
You die...

Action                   |  1- 3 |  4- 6 || total
-------------------------+-------+-------++-------
Melee: Falchion          |    47 |   102 ||   149
       Bite              |     2 |     3 ||     5
 Cast: Scorch            |    11 |    28 ||    39
  Use: Potion            |       |     3 ||     3
 Stab: Sleeping          |       |     1 ||     1
Armor: Robe              |    10 |    10 ||    20
Dodge: Dodged            |    32 |    66 ||    98

Levels and vault maps discovered:
D:1:      lightli_molten_gateway, layout_basic
D:2:      layout_basic, nicolae_ecumenical_oubliette
D:3:      layout_basic, nicolae_qazlal_general_emergency,
          gup_sewer_entry_spiral, uniq_natasha
Sewer:    kennysheep_sewer_church

Notes
Turn   | Place    | Note
-------+----------+-------------------------------------------
     0 | D:1      | sanka the Gnoll Cinder Acolyte began the quest for the Orb.
     0 | D:1      | Reached XP level 1. HP: 23/23 MP: 4/4
   353 | D:1      | Reached XP level 2. HP: 26/29 MP: 5/5
   893 | D:2      | Learned a level 2 spell: Scorch
   901 | D:2      | Reached XP level 3. HP: 35/35 MP: 1/7
  1190 | D:2      | Reached skill level 1 in Invocations
  1371 | D:2      | Reached skill level 1 in Short Blades
  1371 | D:2      | Reached skill level 1 in Axes
  1371 | D:2      | Reached skill level 1 in Maces & Flails
  1371 | D:2      | Reached skill level 1 in Polearms
  1371 | D:2      | Reached skill level 1 in Staves
  1371 | D:2      | Reached skill level 1 in Slings
  1371 | D:2      | Reached skill level 1 in Bows
  1371 | D:2      | Reached skill level 1 in Crossbows
  1371 | D:2      | Reached skill level 1 in Throwing
  1371 | D:2      | Reached skill level 1 in Armour
  1371 | D:2      | Reached skill level 1 in Dodging
  1371 | D:2      | Reached skill level 1 in Stealth
  1371 | D:2      | Reached skill level 1 in Shields
  1371 | D:2      | Reached skill level 1 in Unarmed Combat
  1371 | D:2      | Reached skill level 1 in Evocations
  1371 | D:2      | Reached XP level 4. HP: 18/41 MP: 1/8
  1614 | D:2      | Found a faded altar of an unknown god.
  1617 | D:2      | Reached skill level 3 in Spellcasting
  2300 | D:3      | Reached skill level 1 in Conjurations
  2300 | D:3      | Reached skill level 1 in Hexes
  2300 | D:3      | Reached skill level 1 in Summonings
  2300 | D:3      | Reached skill level 1 in Necromancy
  2300 | D:3      | Reached skill level 1 in Translocations
  2300 | D:3      | Reached skill level 1 in Transmutations
  2300 | D:3      | Reached skill level 1 in Ice Magic
  2300 | D:3      | Reached skill level 1 in Air Magic
  2300 | D:3      | Reached skill level 1 in Earth Magic
  2300 | D:3      | Reached skill level 1 in Poison Magic
  2431 | D:3      | Found a stormy altar of Qazlal.
  2619 | D:3      | Reached XP level 5. HP: 44/47 MP: 3/9
  2651 | D:3      | Found a glowing drain.
  2655 | Sewer    | Entered a sewer
  3177 | Sewer    | Noticed Grinder
  3182 | Sewer    | Paralysed by Grinder for 4 turns
  3198 | Sewer    | Paralysed by Grinder for 3 turns
  3205 | Sewer    | Paralysed by Grinder for 6 turns
  3216 | Sewer    | Paralysed by Grinder for 7 turns
  3219 | Sewer    | HP: 3/47 [Grinder/nerve-wracking pain (12)]
  3220 | Sewer    | Mangled by Grinder

Vanquished Creatures
  A quasit (Sewer)
  3 adders
  4 gnolls (D:2)
  2 shadow imps (Sewer)
  3 ufetubi (Sewer)
  An adder zombie (Sewer)
  3 worms
  6 orcs (D:3)
  3 endoplasms
  2 giant cockroaches
  4 hobgoblins (D:1)
  13 kobolds
  A quokka (D:1)
  2 ball pythons (D:1)
  4 bats
  8 goblins
  6 rats
66 creatures vanquished.

Vanquished Creatures (others)
  A kobold zombie (Sewer)
1 creature vanquished.

Grand Total: 67 creatures vanquished
